 Dungeon Crawl Stone Soup version 0.24.0-13-gcf9b319 (webtiles) character file.

Game seed: 18217342838669080472, levelgen mode: deterministic

97 Bronimir the Firebug (level 4, -4/39 HPs)
             Began as an Ogre Fire Elementalist on Mar 28, 2020.
             Slain by a bullfrog (8 damage)
             ... on level 3 of the Dungeon.
             The game lasted 00:04:53 (2267 turns).

Bronimir the Firebug (Ogre Fire Elementalist)       Turns: 2267, Time: 00:04:54

Health: -4/39      AC:  3    Str: 13    XL:     4   Next: 68%
Magic:  1/9        EV: 10    Int: 16    God:
Gold:   145        SH:  0    Dex:  9    Spells: 7/10 levels left

rFire    . . .     SeeInvis .   j - +0 quarterstaff
rCold    . . .     Gourm    .   (shield currently unavailable)
rNeg     . . .     Faith    .   a - +0 robe
rPois    .         Spirit   .   (helmet restricted)
rElec    .         Reflect  .   (no cloak)
rCorr    .         Harm     .   (gloves unavailable)
MR       .....                  (boots unavailable)
Stlth    +.........             (no amulet)
HPRegen  0.13/turn              (no ring)
MPRegen  0.11/turn              (no ring)

@: no status effects
A: large, unfitting armour, tough skin 1
a: no special abilities


You were on level 3 of the Dungeon.
You were very hungry.

You visited 1 branch of the dungeon, and saw 3 of its levels.

You collected 145 gold pieces.

Inventory:

Hand Weapons
 g - a +0 whip
 h - a +0 mace
 j - a +0 quarterstaff (weapon)
Missiles
 f - 71 stones
 l - 7 javelins (quivered)
Armour
 a - a +0 robe (worn)
Scrolls
 b - a scroll of immolation {unknown}
 e - a scroll of noise {unknown}
 i - 2 scrolls of teleportation {unknown}
Potions
 d - 2 potions of haste {unknown}
 k - a potion of flight {unknown}
 m - a potion of agility {unknown}
Comestibles
 c - 5 rations


   Skills:
 + Level 0.1 Fighting
 + Level 0.1 Maces & Flails
 + Level 2.1 Dodging
 - Level 1.4 Stealth
 + Level 0.1 Unarmed Combat
 * Level 3.5 Spellcasting
 * Level 1.6 Conjurations
 * Level 3.7 Fire Magic


You had 7 spell levels left.
You knew the following spells:

 Your Spells              Type           Power        Failure   Level  Hunger
a - Flame Tongue          Conj/Fire      ##...        6%          1    None
b - Throw Flame           Conj/Fire      ##....       9%          2    ##.....

Your spell library contained the following spells:

 Spells                   Type           Power        Failure   Level  Hunger
 Conjure Flame            Conj/Fire      ##......     19%         3    ###....
 Inner Flame              Hex/Fire       #.......     26%         3    ###....
 Sticky Flame             Conj/Fire      ##......     52%         4    ####...
 Fireball                 Conj/Fire      ##........   86%         5    ######.


Dungeon Overview and Level Annotations

Branches:
Dungeon (3/15)

Altars:
Nemelex Xobeh


Innate Abilities, Weirdness & Mutations

You are too large for most types of armour.
You have tough skin. (AC +1)


Message History

Aim: a bullfrog The flame tongue misses the bullfrog.
The bullfrog hits you.
Casting: Flame Tongue (safe; 6% risk of failure)
Confirm with . or Enter, or press ? or * to list all spells.
Aiming: Flame Tongue (safe; 6% risk of failure)
Press: ? - help, Shift-Dir - straight line, f/p - bullfrog
Aim: a bullfrog The flame tongue hits the bullfrog.
The bullfrog is lightly wounded.
The bullfrog hits you.
* * * LOW HITPOINT WARNING * * *
The bullfrog barely misses you.
Casting: Flame Tongue (safe; 6% risk of failure)
Confirm with . or Enter, or press ? or * to list all spells.
You don't have enough magic to cast that spell.
Unknown command.
The bullfrog hits you!
* * * LOW HITPOINT WARNING * * *
The bullfrog hits you!
You die...

#.. #.## #.#
...##
#.######...
#.##...#.#
#.#......#
#........#
#........#
#.<..@F..##
#.#......)......
#%#.....########
#........#
#........#
#........#
#.#.....##
#.##...## #.#
####


You could see a bullfrog.

Vanquished Creatures
  Ijyb (D:3)
  An adder (D:2)
  3 worms
  3 dart slugs
  2 leopard geckos
  2 ball pythons
  3 giant cockroaches (D:1)
  10 goblins
  3 bats
  3 frilled lizards (D:2)
  7 kobolds
  12 rats
50 creatures vanquished.

Notes
Turn   | Place    | Note
-------+----------+-------------------------------------------
     0 | D:1      | Bronimir the Ogre Fire Elementalist began the quest for the
                  | Orb.
     0 | D:1      | Reached XP level 1. HP: 16/16 MP: 3/3
   327 | D:1      | Reached XP level 2. HP: 24/24 MP: 3/5
   458 | D:1      | Reached skill level 1 in Conjurations
   617 | D:1      | Found a sparkling altar of Nemelex Xobeh.
   631 | D:1      | Reached XP level 3. HP: 31/31 MP: 5/7
   843 | D:1      | Learned a level 2 spell: Throw Flame
  1743 | D:2      | Reached XP level 4. HP: 24/39 MP: 2/9
  2018 | D:3      | Noticed Ijyb
  2183 | D:3      | Killed Ijyb
  2251 | D:3      | Noticed a bullfrog
  2267 | D:3      | Slain by a bullfrog

Levels and vault maps discovered:
D:1:      minmay_arrival_cross, layout_basic, minmay_hedge_maze,
          nemelex_diamond_rough_becter
D:2:      layout_basic, first_ration
D:3:      layout_rooms, uniq_ijyb, uniq_crazy_yiuf_cottage

Skill      XL: |  1  2  3  4 |
---------------+-------------+-----
Fire Magic     | 3 |  3.7
Conjurations   | 1 |  1.6
Spellcasting   | 3 |  3.5
Dodging        | 2 |  2.1
Fighting       | |  0.1
Maces & Flails | |  0.1
Stealth        | |  1.4
Unarmed Combat | |  0.1

Action                   |  1- 3 |  4- 6 || total
-------------------------+-------+-------++-------
Melee: Unarmed           |     9 |     3 ||    12
       Whip              |     8 |       ||     8
       Quarterstaff      |     7 |    16 ||    23
       Mace              |     5 |       ||     5
 Cast: Flame Tongue      |    55 |    22 ||    77
       Throw Flame       |       |     2 ||     2
  Eat: Chunk             |     2 |     1 ||     3
Armor: Robe              |    22 |     5 ||    27
Dodge: Dodged            |    47 |    16 ||    63
